Map: 로맨티사이드 - 래더

Players

cure - Winner!

  • Race: Terran Terran
  • Spawn Location: 11:00

Reynor

  • Race: Zerg Zerg
  • Spawn Location: 5:00

Event: StayAtHome Story Cup #3

VOD

Have the link to the VOD?

Description

Time

  • Played on: March 12, 2021, 10:45 a.m.
  • Length: 16:10

All games in this series

Show
View Real Time Build Order
Export as new Build Order

cure Terran - Winner!

Build Orders: Reaper Expand 

Get SALT Encoding   

  12  0:00  SCV  
  13  0:12  SCV  
  14  0:17  Supply Depot  
  14  0:25  SCV  
  15  0:38  SCV  
  15  0:40  Barracks  
  16  0:42  Refinery  
  16  0:51  SCV  
  17  1:03  SCV  
  18  1:15  SCV  
  19  1:27  Reaper, Orbital Command  
  20  1:39  Command Center  
  20  1:47  Supply Depot  
  20  1:53  SCV  
  21  1:59  Marine  
  22  2:05  SCV  
  23  2:11  Factory  
  23  2:17  SCV  
  23  2:20  Barracks Reactor  
  24  2:29  SCV  
  25  2:40  Command Center  
  25  2:41  SCV  
  26  2:52  Orbital Command  
  26  2:53  SCV  
  27  3:01  Barracks  
  27  3:05  SCV  
  27  3:09  Hellion x2  
  27  3:12  Marine  
  33  3:18  Refinery  
  33  3:20  SCV x2  
  35  3:32  SCV  
  35  3:33  SCV  
  41  3:35  Barracks Tech Lab  
  36  3:44  SCV  
  36  3:45  Refinery, SCV  
  38  3:50  Starport  
  38  3:53  Orbital Command  
  38  3:54  Stimpack  
  38  3:56  Marine  
  38  3:57  Marine, SCV x2, Factory Reactor  
  38  3:58  Marine  
  43  4:09  SCV x2  
  45  4:11  Supply Depot  
  45  4:14  Marine  
  45  4:15  Marine x2  
  48  4:19  SCV  
  48  4:21  SCV x2  
  51  4:31  SCV  
  51  4:32  Marine  
  51  4:33  SCV x2, Marine x2  
  51  4:36  Medivac x2  
  51  4:38  Supply Depot  
  61  4:42  Hellion  
  63  4:46  Armory  
  63  4:48  SCV x3  
  63  4:52  Marine  
  67  4:53  Marine  
  67  4:54  Marine, Supply Depot  
  69  5:03  SCV x3  
  69  5:06  Factory Tech Lab  
  72  5:09  Marine  
  72  5:10  Barracks  
  72  5:11  Marine  
  72  5:12  Marine  
  75  5:14  Refinery, Orbital Command  
  75  5:18  SCV  
  75  5:19  SCV  
  75  5:21  Engineering Bay  
  77  5:22  Engineering Bay, Supply Depot  
  77  5:26  Siege Tank  
  80  5:29  Marine x2  
  80  5:30  Marine  
  80  5:35  Combat Shield  
  83  5:36  SCV x2  
  85  5:44  SCV  
  85  5:49  SCV x2, Marine  
  88  5:50  Marine x2  
  88  5:51  Terran Infantry Weapons Level 1  
  88  5:52  Terran Infantry Armor Level 1  
  88  5:56  SCV  
  92  5:58  Barracks Reactor  
  92  6:04  Supply Depot x2  
  92  6:10  Medivac  
  92  6:11  Medivac  
  92  6:15  Marine x2  
  93  6:18  Marine  
  93  6:26  SCV x3, Siege Tank  
  93  6:30  Supply Depot  
  93  6:32  Barracks  
  99  6:33  Marine  
  99  6:36  Barracks  
  99  6:38  SCV x3  
  99  6:39  Marine x3  
  104  6:48  Medivac x2  
  104  6:50  SCV  
  104  6:51  SCV x2  
  108  6:56  Marine x2  
  109  7:03  Supply Depot  
  109  7:04  Supply Depot  
  109  7:08  Supply Depot  
  109  7:12  Supply Depot  
  109  7:19  Refinery  
  109  7:20  Refinery, Barracks Reactor  
  109  7:25  Barracks Reactor, SCV x3, Marine x5, Siege Tank  
  109  7:27  Liberator  
  123  7:30  Liberator  
  123  7:32  Supply Depot  
  123  7:33  Supply Depot  
  126  7:43  Marine x5  
  131  7:47  Terran Infantry Weapons Level 2  
  131  7:48  SCV x2  
  131  7:49  SCV  
  131  7:50  Terran Infantry Armor Level 2  
  134  7:52  Missile Turret  
  134  7:57  Supply Depot x2  
  134  7:59  Marine x2, Terran Vehicle Weapons Level 1  
  134  8:00  Marine x5  
  141  8:07  Siege Tank  
  141  8:08  Marine x2  
  146  8:17  Marine x2  
  146  8:18  Marine  
  128  8:22  Marine x4  
  129  8:28  Marine x2, Medivac x2  
  129  8:33  Factory  
  135  8:35  Marine x2  
  135  8:36  Marine  
  135  8:38  Command Center  
  135  8:39  Marine x2  
  135  8:40  Marine  
  141  8:46  Siege Tank  
  144  8:50  Marine x3  
  144  8:53  SCV x3, Marine x2  
  144  8:54  Marine  
  144  8:55  Supply Depot  
  153  9:01  Supply Depot  
  153  9:02  Supply Depot  
  153  9:05  Marine x3  
  153  9:08  Marine x3  
  159  9:12  SCV x3  
  159  9:15  Marine x3  
  165  9:20  Factory Tech Lab, Siege Tank  
  165  9:23  Marine  
  165  9:24  SCV x3  
  170  9:29  Marine x5  
  175  9:33  Marine  
  175  9:37  Marine x2  
  178  9:38  Siege Tank  
  178  9:41  Marine, Supply Depot  
  182  9:46  Marine  
  182  9:52  Barracks x2  
  183  9:53  Barracks  
  183  9:56  Siege Tank  
  186  10:07  Marine x4  
  186  10:08  Sensor Tower  
  186  10:11  Siege Tank  
  186  10:13  Terran Infantry Weapons Level 3, Terran Infantry Armor Level 3  
  193  10:20  Terran Vehicle Weapons Level 2  
  193  10:28  Siege Tank  
  193  10:29  Planetary Fortress  
  193  10:33  Marine x4  
  193  10:35  Unknown  
  198  10:55  Barracks Tech Lab x3  
  198  10:57  Ghost Academy  
  198  11:01  Command Center  
  198  11:02  Command Center  
  198  11:03  Command Center, Siege Tank x2  
  199  11:21  Marauder x3, Marine x4  
  199  11:22  Marauder, Marine x3  
  193  11:29  Marine  
  194  11:35  Siege Tank x2  
  194  11:39  Marine  
  199  11:42  Marine  
  199  11:43  Marauder x2  
  186  12:01  Marine x4  
  186  12:02  Marauder x2  
  186  12:07  Siege Tank x2  
  199  12:09  Marine  
  199  12:11  Marine x3  
  199  12:12  Marauder  
  195  12:20  Marine x4  
  195  12:21  Marauder  
  172  12:23  Liberator x2, Marauder, Marine  
  172  12:25  Orbital Command  
  172  12:26  Orbital Command  
  172  12:27  Marine  
  172  12:29  Marine x3  
  173  12:33  Marauder  
  172  12:38  Marine x4  
  172  12:41  Marauder  
  172  12:42  Marauder, Concussive Shells  
  183  12:44  Marauder, Marine, Missile Turret, Siege Tank  
  183  12:47  Siege Tank  
  189  12:55  Marauder  
  191  13:01  Ghost  
  191  13:03  Ghost  
  191  13:05  Ghost  
  194  13:15  Marine x4  
  194  13:16  Marauder, Siege Tank  
  194  13:18  Marine x4  
  190  13:25  Siege Tank  
  186  13:28  Liberator  
  186  13:31  Marauder  
  186  13:32  Marauder  
  186  13:34  Marauder, Planetary Fortress  
  194  13:43  Ghost  
  194  13:48  Siege Tank  
  190  13:50  Missile Turret  
  190  13:51  Ghost  
  190  13:52  Ghost  
  190  13:54  Marine x3  
  190  13:55  Ghost  
  199  14:06  Command Center  
  197  14:17  Ghost  
  196  14:31  Siege Tank  
  191  14:41  Ghost x2  
  191  14:42  Marauder, Marine x4  
  191  14:43  Siege Tank  
  190  14:46  Marauder  
  190  14:48  Medivac  
  190  14:49  Medivac  
  190  14:50  Marine x4  
  188  15:16  Marine x4  
  188  15:17  Marauder x2  
  188  15:19  Marine x4, Ghost  
  188  15:20  Marauder  
  188  15:21  Siege Tank x2  
  184  15:27  Medivac x2  
  183  15:34  Marine x4  
  183  15:37  Marine x2  
  183  15:38  Marauder x2  
  183  15:41  Marauder  
  191  15:47  Marine x2  
  191  15:48  Marauder  
  195  15:52  Marine x4, Command Center  
Show
View Real Time Build Order
Export as new Build Order

Reynor Zerg 

Build Orders: Hatch First 

Get SALT Encoding   

  12  0:00  Drone  
  13  0:12  Overlord  
  13  0:16  Drone  
  14  0:30  Drone x2  
  16  0:47  Hatchery  
  15  0:50  Drone  
  15  0:53  Drone  
  17  0:57  Drone  
  18  1:07  Extractor  
  17  1:13  Spawning Pool  
  17  1:16  Drone  
  17  1:19  Drone  
  18  1:27  Drone  
  19  1:38  Drone  
  20  1:49  Overlord  
  20  1:59  Queen x2  
  20  2:00  Zergling x4  
  26  2:10  Drone x2  
  26  2:12  Metabolic Boost  
  28  2:20  Drone  
  28  2:21  Drone  
  30  2:32  Overlord  
  30  2:33  Drone  
  30  2:36  Queen  
  31  2:42  Drone x2  
  34  2:52  Drone  
  34  2:53  Drone  
  34  2:54  Pneumatized Carapace  
  36  3:03  Drone  
  36  3:04  Drone  
  38  3:14  Drone  
  38  3:15  Drone  
  38  3:16  Drone  
  38  3:17  Hatchery  
  38  3:18  Zergling x2  
  41  3:21  Overlord  
  41  3:25  Drone  
  42  3:33  Drone  
  43  3:37  Overlord  
  43  3:39  Queen  
  45  3:43  Drone  
  45  3:44  Queen  
  48  3:49  Overlord  
  48  3:50  Drone x3  
  51  3:55  Drone  
  51  3:56  Drone x2, Overlord  
  51  4:02  Drone  
  55  4:09  Drone  
  56  4:12  Drone  
  56  4:14  Extractor  
  56  4:18  Drone  
  56  4:19  Lair  
  56  4:20  Drone x3, Queen  
  62  4:25  Baneling Nest  
  62  4:26  Overlord  
  62  4:29  Drone  
  62  4:31  Queen  
  62  4:32  Drone  
  62  4:33  Zergling x2  
  66  4:40  Drone  
  66  4:42  Zergling x2  
  66  4:44  Drone  
  69  4:48  Drone  
  69  4:49  Drone x2  
  69  4:51  Zergling x2  
  69  4:52  Overlord  
  73  4:56  Zergling x8  
  77  5:01  Zergling x2  
  77  5:06  Drone x3, Evolution Chamber  
  77  5:07  Evolution Chamber  
  79  5:08  Overlord  
  79  5:10  Zergling x2  
  80  5:14  Drone, Queen  
  80  5:15  Overlord  
  80  5:17  Centrifical Hooks, Baneling x2  
  80  5:18  Drone  
  80  5:20  Drone x2  
  86  5:23  Zergling x2  
  86  5:25  Overlord  
  86  5:27  Drone  
  86  5:28  Drone  
  89  5:30  Drone x2  
  89  5:32  Extractor x2, Zergling x2  
  89  5:33  Baneling x4  
  89  5:34  Zergling x4  
  93  5:35  Zergling x2  
  93  5:41  Overlord  
  93  5:45  Drone  
  93  5:46  Drone  
  93  5:48  Overlord  
  94  5:51  Zergling x4  
  96  5:58  Hatchery  
  96  6:04  Zerg Ground Armor Level 1  
  93  6:13  Zergling x24  
  103  6:20  Overlord  
  103  6:23  Zergling x2  
  104  6:27  Zerg Melee Weapons Level 1  
  104  6:28  Overlord  
  104  6:31  Zergling x2  
  104  6:32  Overlord  
  105  6:34  Overlord  
  105  6:36  Baneling x5  
  105  6:37  Overlord  
  105  6:38  Drone x3, Queen  
  110  6:40  Drone x2  
  110  6:46  Drone  
  113  6:52  Zergling x4  
  112  6:57  Drone x2  
  112  6:58  Drone x2  
  112  6:59  Overlord  
  112  7:00  Zergling x4  
  118  7:02  Zergling x2  
  118  7:05  Zergling x2  
  120  7:10  Drone x2  
  120  7:12  Zergling x2  
  120  7:14  Drone  
  124  7:21  Baneling x8  
  124  7:22  Zergling x4  
  126  7:23  Hatchery  
  126  7:24  Overlord  
  126  7:26  Zergling x2  
  126  7:29  Zergling x6  
  129  7:30  Baneling x2  
  129  7:31  Baneling  
  129  7:32  Zergling x8  
  129  7:33  Drone, Queen  
  129  7:34  Drone  
  137  7:39  Zergling x2  
  137  7:42  Overlord  
  137  7:43  Drone  
  135  7:47  Zergling x2  
  135  7:49  Drone x3  
  135  7:50  Drone  
  140  7:53  Drone  
  140  7:55  Zergling x2, Infestation Pit  
  140  7:56  Hatchery  
  140  7:58  Drone x4  
  143  7:59  Zerg Ground Armor Level 2  
  143  8:02  Zergling x2  
  143  8:05  Zergling x2  
  145  8:09  Zergling x4  
  145  8:12  Zergling x2  
  136  8:21  Zergling x18  
  136  8:23  Baneling x9  
  136  8:25  Drone  
  136  8:26  Drone x2, Zerg Melee Weapons Level 2  
  136  8:27  Drone  
  148  8:30  Zergling x4  
  148  8:32  Drone  
  148  8:33  Hive  
  151  8:39  Drone x2, Spore Crawler  
  151  8:40  Spore Crawler  
  151  8:41  Drone  
  151  8:43  Drone, Spore Crawler x2  
  151  8:45  Hatchery, Drone, Spore Crawler  
  151  8:46  Baneling x3, Spore Crawler x2  
  151  8:47  Baneling x7, Spore Crawler  
  151  8:48  Zergling x12  
  153  8:51  Overlord  
  153  8:57  Drone x2  
  153  8:59  Drone x4  
  153  9:00  Zergling x6  
  153  9:01  Zergling x2  
  163  9:06  Drone x3  
  163  9:07  Drone  
  163  9:09  Drone  
  168  9:10  Spore Crawler x2  
  168  9:12  Overlord  
  168  9:13  Zergling x4  
  168  9:19  Zergling x2  
  168  9:20  Zergling x14  
  168  9:23  Zergling x2  
  172  9:25  Zergling x4  
  172  9:28  Zergling x4  
  175  9:31  Zergling x8  
  175  9:32  Zergling x2  
  175  9:34  Zergling x6  
  183  9:39  Zergling x8, Spore Crawler  
  183  9:40  Zergling x4  
  183  9:45  Extractor, Adrenal Glands  
  186  9:47  Drone x3, Ultralisk Cavern  
  186  9:48  Drone  
  186  9:49  Zergling x4  
  186  9:51  Extractor  
  186  9:52  Baneling x15, Spore Crawler x2  
  188  9:53  Overlord  
  188  9:55  Drone  
  188  9:57  Zergling x2  
  188  9:58  Zergling x10  
  195  10:06  Hatchery, Viper  
  194  10:11  Zergling x4  
  194  10:12  Zergling x2  
  200  10:15  Extractor, Drone  
  200  10:16  Extractor  
  200  10:17  Drone  
  200  10:21  Baneling x10  
  196  10:46  Zergling x10, Chitinous Plating  
  194  10:52  Zergling x10  
  197  11:04  Zergling x6  
  197  11:07  Zerg Ground Armor Level 3  
  197  11:08  Zerg Melee Weapons Level 3  
  199  11:16  Baneling x10  
  196  11:23  Zergling x4  
  196  11:24  Zergling x20  
  199  11:32  Zergling x8  
  197  11:41  Zergling x10  
  198  11:52  Zergling x8  
  196  11:58  Baneling x10  
  196  12:00  Zergling x8  
  196  12:01  Zergling x8  
  194  12:11  Zergling x10, Ultralisk  
  189  12:19  Zergling x32, Ultralisk  
  189  12:21  Zergling x2  
  189  12:22  Zergling x8  
  166  12:23  Zergling x4, Ultralisk  
  166  12:27  Queen, Zergling x6  
  166  12:29  Zergling x4  
  159  12:32  Ultralisk  
  159  12:33  Queen x2  
  159  12:36  Zergling x8  
  170  12:37  Queen  
  170  12:42  Queen  
  170  12:43  Zergling x6  
  176  12:44  Ultralisk x2  
  176  12:46  Zergling x2  
  176  12:49  Queen x2  
  191  12:51  Zergling x6  
  191  12:54  Zergling x6  
  191  12:58  Zergling x4  
  196  13:02  Baneling x7  
  196  13:03  Queen, Zergling x6  
  199  13:07  Zergling x2  
  189  13:15  Zergling x2  
  189  13:16  Zergling x32  
  189  13:18  Zergling x2  
  185  13:22  Ultralisk  
  185  13:23  Queen  
  185  13:24  Zergling x4  
  182  13:27  Zergling x6  
  168  13:49  Extractor x2  
  168  13:54  Zergling x2  
  168  13:55  Zergling x34, Spire  
  183  14:02  Queen x2, Zergling x2, Ultralisk  
  191  14:05  Zergling x4, Overlord  
  191  14:06  Extractor x2  
  191  14:07  Overlord x4  
  191  14:09  Overlord x2  
  194  14:15  Overlord x2  
  183  14:20  Baneling x13, Overlord x2  
  183  14:24  Overlord  
  178  14:32  Zergling x24  
  178  14:37  Zergling x10  
  172  14:38  Zergling x2  
  172  14:40  Zergling x4  
  172  14:45  Zergling x6, Ultralisk  
  162  14:48  Zergling x2  
  162  14:51  Queen  
  162  14:52  Baneling x4  
  151  14:53  Baneling x5  
  151  14:54  Zergling x6  
  151  14:56  Queen, Zergling x2  
  151  14:58  Zergling x2  
  154  15:01  Anabolic Synthesis  
  154  15:03  Extractor, Zergling x4  
  154  15:05  Baneling x7  
  154  15:06  Baneling, Queen x3, Zergling x2  
  145  15:17  Zergling x12  
  115  15:22  Ultralisk  
  115  15:26  Zergling x2, Ultralisk  
  115  15:28  Zergling x8  
  122  15:31  Zergling x6  
  122  15:34  Zergling x6  
  120  15:40  Zergling x6  
  120  15:42  Baneling x9  
  123  15:45  Zergling x4  
  127  15:53  Zergling x4  
Tags
 
Add a new tag
Caveats
  • Supply blocks, unpowered buildings, or Contaminate may cause inaccurate times.
  • Supply counts are checked every 10 seconds.